[Event "GER-ch Youth-U12 2024"]
[Site "Willingen"]
[Date "2024.05.25"]
[Round "9"]
[White "Nezhyvenko, Mykhaylo"]
[Black "Marynychenko, Yehor"]
[Result "1-0"]
[ECO "B30"]
[WhiteElo "2075"]
[BlackElo "1896"]
[Annotator "RC"]
[PlyCount "111"]
[EventDate "2022.06.05"]
[EventType "swiss"]
[EventRounds "9"]
[EventCountry "GER"]
[SourceTitle "playchess.com"]
[Source "ChessBase"]
[SourceQuality "1"]
[TimeControl "40/4500+30:900+30"]

1. e4 c5 2. Nf3 Nc6 3. Bb5 e6 4. O-O Nge7 5. c3 a6 6. Ba4 b5 7. Bc2 Ng6 8. d4 d6 9. a4 Bb7 10. axb5 axb5 11. Rxa8 Qxa8 12. Re1 Be7 13. Na3 b4 14. cxb4 cxb4 15. Nc4 O-O 16. Bd2 Ba6 17. Bb3 Bxc4 18. Bxc4 Qa7 19. Be3 Qc7 20. Qe2 Na5 21. Bd3 Rc8 22. g3 Qd7 23. Nd2 d5 24. Ra1 dxe4 25. Bxe4 Nc6 26. Nb3 Nf8 27. Rd1 Qe8 28. d5 exd5 29. Bxd5 Bf6 30. Rd2 Ne7 31. Bb7 Rd8 32. Bc5 Ne6 33. Bxb4 Rxd2 34. Qxd2 Qd8 35. Qxd8+ Nxd8 36. Be4 Ndc6 37. Bc3 Bxc3 38. bxc3 f5 39. Bxc6 Nxc6 40. Nd4 Ne7 41. Kf1 Kf7 42. Ke2 Kf6 43. Kd3 g5 44. Kc4 h5 45. Kc5 Ng6 46. c4 f4 47. Kd6 fxg3 48. fxg3 h4 49. c5 hxg3 50. hxg3 Ne5 51. c6 Nf7+ 52. Kd5 Ke7 53. Nf5+ Kd8 54. Ke6 Nh8 55. Kf6 Kc7 56. Nd4 1-0

[Event "GER-ch Youth-U12 2024"]
[Site "Willingen"]
[Date "2024.05.25"]
[Round "9"]
[White "Tarasenko, Nazar"]
[Black "Meijers, Janis"]
[Result "1-0"]
[ECO "D35"]
[WhiteElo "2061"]
[BlackElo "1787"]
[Annotator "RC"]
[PlyCount "55"]
[EventDate "2022.06.05"]
[EventType "swiss"]
[EventRounds "9"]
[EventCountry "GER"]
[SourceTitle "playchess.com"]
[Source "ChessBase"]
[SourceQuality "1"]
[TimeControl "40/4500+30:900+30"]

1. d4 d5 2. c4 e6 3. Nc3 Nf6 4. cxd5 exd5 5. Bg5 Be7 6. e3 O-O 7. Qc2 Re8 8. Bd3 h6 9. Bh4 c5 10. Nf3 cxd4 11. Nxd4 Nc6 12. Nf5 Bxf5 13. Bxf5 d4 14. O-O-O g5 15. Bg3 Qb6 16. exd4 Nxd4 17. Rxd4 Qxd4 18. h4 Nh5 19. Rd1 Qg7 20. Bc7 gxh4 21. Nd5 Bg5+ 22. f4 Be7 23. Be5 f6 24. Bc3 Red8 25. Qe4 Ng3 26. Qxe7 Nxf5 27. Nxf6+ Kh8 28. Rxd8+ 1-0

[Event "GER-ch Youth-U12 2024"]
[Site "Willingen"]
[Date "2024.05.25"]
[Round "9"]
[White "Belin, Anton"]
[Black "Li, Yunqi"]
[Result "1-0"]
[ECO "C05"]
[WhiteElo "1948"]
[BlackElo "1940"]
[Annotator "RC"]
[PlyCount "85"]
[EventDate "2022.06.05"]
[EventType "swiss"]
[EventRounds "9"]
[EventCountry "GER"]
[SourceTitle "playchess.com"]
[Source "ChessBase"]
[SourceQuality "1"]
[TimeControl "40/4500+30:900+30"]

1. e4 e6 2. d4 d5 3. Nd2 Nf6 4. e5 Nfd7 5. f4 c5 6. c3 Nc6 7. Ndf3 Qb6 8. h4 cxd4 9. cxd4 Bb4+ 10. Kf2 f6 11. Kg3 O-O 12. Bd3 Be7 13. Ne2 Kh8 14. Qb3 fxe5 15. fxe5 Nb4 16. Bb1 Qb5 17. Nf4 Qc6 18. a3 Na6 19. Qd3 Rf5 20. Nxe6 g6 21. Nf4 Nf8 22. Qb3 Nc7 23. Bxf5 Bxf5 24. Be3 b6 25. Rac1 Qd7 26. Rxc7 Qxc7 27. Nxd5 Qd7 28. Nxe7 Qxe7 29. Bg5 Qe6 30. Qxe6 Nxe6 31. d5 Nc5 32. e6 Kg7 33. b4 Ne4+ 34. Kf4 h6 35. Be7 Nf2 36. Rf1 Nd3+ 37. Ke3 Nb2 38. Nd4 Nc4+ 39. Kf4 Re8 40. Nxf5+ gxf5 41. d6 Nxd6 42. Bxd6 Rxe6 43. Be5+ 1-0

[Event "GER-ch Youth-U12 2024"]
[Site "Willingen"]
[Date "2024.05.25"]
[Round "9"]
[White "Stehning, Toni"]
[Black "Bundan, Edward"]
[Result "0-1"]
[ECO "B33"]
[WhiteElo "1821"]
[BlackElo "1897"]
[Annotator "NA RC"]
[PlyCount "96"]
[EventDate "2022.06.05"]
[EventType "swiss"]
[EventRounds "9"]
[EventCountry "GER"]
[SourceTitle "playchess.com"]
[Source "ChessBase"]
[SourceQuality "1"]
[TimeControl "40/4500+30:900+30"]

1. e4 c5 2. Nf3 Nc6 3. d4 cxd4 4. Nxd4 Nf6 5. Nc3 e5 6. Ndb5 d6 7. Bg5 a6 8. Na3 b5 9. Nd5 Be7 10. Bxf6 Bxf6 11. c4 b4 {[%emt 0:00:00] B33: Sicilian: Pelikan and Sveshnikov Variations.} 12. Nc2 O-O 13. g3 Rb8 14. Bg2 Bg5 15. h4 Bh6 16. g4 g6 17. g5 Bg7 18. Qd2 b3 19. axb3 Rxb3 20. Ndb4 Nxb4 21. Nxb4 Qb6 22. Nd5 Qb7 23. Rb1 Be6 24. Nf6+ Bxf6 25. gxf6 Qb4 26. Qxb4 Rxb4 27. Kd2 (27. O-O $17 {was worth a try.}) 27... Rxc4 28. Rhc1 Rfc8 29. Ra1 Rxc1 30. Rxc1 Rxc1 31. Kxc1 Kf8 32. b4 Bc4 33. Kc2 Ke8 34. Kc3 Bb5 35. Bf3 h5 36. Bg2 Kd7 37. Bh3+ Kc7 38. Be6 Be8 39. Bc4 Kb6 40. Kd2 a5 41. bxa5+ Kxa5 42. f4 Kb4 43. Bd5 exf4 44. Ke1 Kc3 45. Kf2 Kd4 46. Kf3 $19 Ke5 47. Bc4 Bc6 48. Bd3 d5 0-1

[Event "GER-ch Youth-U12 2024"]
[Site "Willingen"]
[Date "2024.05.25"]
[Round "9"]
[White "Rodriguez Klasen, Ennio"]
[Black "Junge, Mattheo Gabriel"]
[Result "1/2-1/2"]
[ECO "B11"]
[WhiteElo "1802"]
[BlackElo "1817"]
[Annotator "NA RC"]
[PlyCount "58"]
[EventDate "2022.06.05"]
[EventType "swiss"]
[EventRounds "9"]
[EventCountry "GER"]
[SourceTitle "playchess.com"]
[Source "ChessBase"]
[SourceQuality "1"]
[TimeControl "40/4500+30:900+30"]

1. e4 c6 2. Nf3 d5 3. Nc3 dxe4 4. Nxe4 Nf6 5. Qe2 Nxe4 6. Qxe4 Nd7 {[%emt 0:00:00] B11: Caro-Kann: Two Knights Variation.} 7. Bc4 Nf6 8. Ne5 e6 9. Qe2 Bd6 10. d4 O-O 11. Bg5 Qa5+ 12. Qd2 Qxd2+ 13. Bxd2 c5 14. Nf3 a6 15. a4 b6 16. O-O-O b5 17. Be2 c4 18. c3 Bb7 19. Ne5 Bxe5 20. dxe5 Nd7 21. Bf4 Nb6 $11 ({Inferior is} 21... Bxg2 22. Rhg1 Bc6 (22... Bd5 23. Bh6 $16) 23. Bh6 $14) ({Better is} 21... Nc5 $17 22. Be3 Nxa4) 22. a5 Nd5 23. Bf3 Rab8 24. Bxd5 Bxd5 25. Be3 Bxg2 26. Rhg1 Be4 27. Bc5 Rfc8 28. Bd6 Rb7 29. Rd4 Bf5 1/2-1/2

[Event "GER-ch Youth-U12 2024"]
[Site "Willingen"]
[Date "2024.05.25"]
[Round "9"]
[White "Fischermann, Simon"]
[Black "Peglau, Paul David"]
[Result "1/2-1/2"]
[ECO "D85"]
[WhiteElo "1789"]
[BlackElo "1806"]
[Annotator "NA RC"]
[PlyCount "99"]
[EventDate "2022.06.05"]
[EventType "swiss"]
[EventRounds "9"]
[EventCountry "GER"]
[SourceTitle "playchess.com"]
[Source "ChessBase"]
[SourceQuality "1"]
[TimeControl "40/4500+30:900+30"]

1. d4 Nf6 2. c4 g6 3. Nc3 d5 4. cxd5 Nxd5 5. e4 Nxc3 6. bxc3 Bg7 7. Ba3 Nd7 {[%emt 0:00:00] D85: Exchange Grünfeld: Unusual White 7th moves and lines with 7 Nf3.} 8. Bc4 {[%emt 0:00:21] was the old line (8.Nf3).} c5 9. Ne2 cxd4 10. Qb3 Ne5 11. Bb5+ $146 ({Predecessor:} 11. cxd4 Nxc4 12. Qxc4 O-O 13. O-O b6 14. Rac1 Bb7 15. f3 Bh6 16. Rc3 Rc8 17. Qd3 {½-½ Siban,M-Bonoldi,F (2112) ICCF Jubilee P165 email 2001}) 11... Bd7 12. cxd4 Qa5+ 13. Nc3 Bxb5 14. Qxb5+ Nc6 15. Qxa5 Nxa5 16. e5 Nc6 17. Rd1 O-O-O 18. Ne2 Rd5 19. O-O Rhd8 20. Rc1 Kd7 21. Bc5 Ke8 22. f4 R5d7 23. Kf2 e6 24. Ke3 Bf8 25. Bxf8 Kxf8 26. Rfd1 Rd5 27. Rd3 h5 28. h3 Ke7 29. Rc4 Kd7 30. Ng3 Ra5 31. a4 b5 32. axb5 Rxb5 33. Rdc3 Ne7 34. Ra3 Nd5+ 35. Kf3 a5 36. Ne4 Rdb8 37. Nc5+ Ke7 38. Rca4 Rb4 39. g4 hxg4+ 40. Kxg4 Rxa4 41. Rxa4 Rb4 42. Rxb4 axb4 43. h4 Ne3+ 44. Kg5 Nc2 45. Nb3 Ne1 46. h5 gxh5 47. Kxh5 Nd3 48. Kg5 $11 Nf2 49. f5 Ne4+ 50. Kf4 1/2-1/2

[Event "GER-ch Youth-U12 2024"]
[Site "Willingen"]
[Date "2024.05.25"]
[Round "9"]
[White "Yozgyur, Ediz"]
[Black "Moskalenko, Michael"]
[Result "1-0"]
[ECO "B42"]
[WhiteElo "1789"]
[BlackElo "1574"]
[Annotator "NA RC"]
[PlyCount "149"]
[EventDate "2022.06.05"]
[EventType "swiss"]
[EventRounds "9"]
[EventCountry "GER"]
[SourceTitle "playchess.com"]
[Source "ChessBase"]
[SourceQuality "1"]
[TimeControl "40/4500+30:900+30"]

1. e4 c5 2. Nf3 e6 3. d4 cxd4 4. Nxd4 a6 5. Bd3 Bc5 6. Nb3 Ba7 7. Nc3 Nc6 8. O-O Nf6 9. Be3 Bxe3 10. fxe3 Qc7 11. Qe1 b5 12. a3 Bb7 13. Nc5 Rb8 14. Nxb7 Rxb7 15. Qh4 Ne5 16. Qg5 Ng6 17. Qg3 Qxg3 18. hxg3 Ng4 19. Rae1 O-O 20. Nd1 Rc7 21. Nf2 N6e5 22. Nxg4 Nxg4 23. Rf4 Ne5 24. Ref1 f6 25. a4 bxa4 26. Ra1 Nxd3 27. cxd3 Rc2 28. Rxa4 Rxb2 29. Rxa6 Rb3 30. Rd6 Rd8 31. e5 f5 32. Rfd4 Rb7 33. Rxe6 dxe6 34. Rxd8+ Kf7 35. Kf2 Rb2+ 36. Kf1 h5 37. Rd7+ Kf8 38. d4 Rd2 39. Rc7 Rb2 40. Rc1 Kf7 41. Rc7+ Kf8 42. Rd7 Rd2 43. Ra7 Rb2 44. Ra3 Rd2 45. Rc3 Kf7 46. Rb3 Kf8 47. Kg1 Kf7 48. Kh2 Kf8 49. Kg1 Kf7 50. Rb1 Kf8 51. Kf1 Kf7 52. Re1 Ke7 53. Re2 Rxe2 54. Kxe2 Kd7 55. Kd3 Kc6 56. e4 fxe4+ 57. Kxe4 g5 58. Ke3 Kb5 59. Ke4 Kc4 60. Ke3 Kb5 61. Kd3 Kb6 62. Ke4 Kc6 63. g4 h4 64. d5+ exd5+ 65. Kd4 Kc7 66. Kxd5 Kd7 67. e6+ Ke7 68. Ke5 Ke8 69. Kf6 Kf8 70. Kxg5 Ke7 71. Kf5 h3 72. gxh3 Kf8 73. Kf6 Kg8 74. e7 Kh7 75. e8=Q 1-0

[Event "GER-ch Youth-U12 2024"]
[Site "Willingen"]
[Date "2024.05.25"]
[Round "9"]
[White "Noll, Raphael"]
[Black "Fels, Mattis"]
[Result "0-1"]
[ECO "B22"]
[WhiteElo "1775"]
[BlackElo "1759"]
[Annotator "NA RC"]
[PlyCount "120"]
[EventDate "2022.06.05"]
[EventType "swiss"]
[EventRounds "9"]
[EventCountry "GER"]
[SourceTitle "playchess.com"]
[Source "ChessBase"]
[SourceQuality "1"]
[TimeControl "40/4500+30:900+30"]

1. e4 c5 2. c3 d5 3. exd5 Qxd5 4. d4 Nf6 5. Nf3 e6 6. Be3 Be7 7. Be2 O-O 8. O-O Rd8 9. dxc5 Qxd1 10. Rxd1 Rxd1+ 11. Bxd1 Nbd7 12. b4 a5 13. a4 Nd5 14. Bd2 N7f6 15. Ne5 Ne4 16. Be1 Bf6 17. f4 Nxf4 18. Nc4 axb4 19. Bf3 Nxc5 20. Nb6 Rb8 21. Bg3 e5 22. cxb4 Ncd3 23. b5 e4 24. Bxe4 Bxa1 25. Bxd3 Nxd3 26. Bxb8 Bd4+ 27. Kf1 Bxb6 28. Ke2 Nc5 29. Nc3 Bg4+ 30. Kd2 Ba5 31. Kc2 Bxc3 32. Kxc3 Nxa4+ 33. Kb4 Nb6 34. Ba7 Nd7 35. Bd4 f6 36. Kc4 Be2+ 37. Kb4 Kf7 38. b6 Ke6 39. Kc3 Kd5 40. Bf2 Kc6 41. Kd2 Bf1 42. Ke3 Bxg2 43. Kf4 Nxb6 44. Kg3 Be4 45. Kf4 Bg6 46. h4 Nd5+ 47. Kf3 b5 48. Ke2 b4 49. Kd2 b3 50. Bd4 Kb5 51. Ba1 Kc4 52. Bb2 Nf4 53. Bc1 Nd3 54. Ba3 Kb5 55. Kc3 Ka4 56. Bb2 Nxb2 57. Kxb2 h5 58. Ka1 Be8 59. Kb2 Kb4 60. Kb1 Kc3 0-1

[Event "GER-ch Youth-U12 2024"]
[Site "Willingen"]
[Date "2024.05.25"]
[Round "9"]
[White "Fadeev, Justin Michael"]
[Black "Sasikumar Anitha, Sarvesh"]
[Result "0-1"]
[ECO "C11"]
[WhiteElo "1762"]
[BlackElo "1703"]
[Annotator "NA RC"]
[PlyCount "102"]
[EventDate "2022.06.05"]
[EventType "swiss"]
[EventRounds "9"]
[EventCountry "GER"]
[SourceTitle "playchess.com"]
[Source "ChessBase"]
[SourceQuality "1"]
[TimeControl "40/4500+30:900+30"]

1. e4 e6 2. d4 d5 3. Nc3 Nf6 4. e5 Nfd7 5. f4 c5 6. Nf3 Nc6 7. Be3 Qb6 8. Na4 Qa5+ 9. c3 b6 10. Bd2 c4 11. b4 Nxb4 12. cxb4 Bxb4 13. Rc1 b5 14. Bxb4 Qxb4+ 15. Nc3 Qa5 16. Be2 Nb6 17. Qd2 Bd7 18. Ne4 Qxd2+ 19. Nexd2 Ke7 20. Kf2 a5 21. Rb1 b4 22. Rhc1 Rhc8 23. Bd1 Rab8 24. a3 b3 25. Bxb3 cxb3 26. Rxc8 Rxc8 27. Rxb3 Nc4 28. Nxc4 Rxc4 29. Ke2 Rc2+ 30. Nd2 a4 31. Rb4 Ra2 32. Rb7 Rxa3 33. Ra7 Ra2 34. Kd3 Ra1 35. g3 h6 36. Ke2 Kd8 37. Ra8+ Kc7 38. Ra7+ Kc8 39. Kd3 Rh1 40. Nf3 Rf1 41. Ke2 Bb5+ 42. Ke3 Bd7 43. Ke2 Ra1 44. Nd2 Bb5+ 45. Kf2 a3 46. Nb3 Ra2+ 47. Kf3 Bc4 48. Nc5 Ra1 49. Nd7 a2 50. Nb6+ Kb8 51. Ra3 Rf1+ 0-1

[Event "GER-ch Youth-U12 2024"]
[Site "Willingen"]
[Date "2024.05.25"]
[Round "9"]
[White "Shevchenko, Igor"]
[Black "Vu Hoang Bach"]
[Result "1/2-1/2"]
[ECO "D36"]
[WhiteElo "1758"]
[BlackElo "1677"]
[Annotator "NA RC"]
[PlyCount "66"]
[EventDate "2022.06.05"]
[EventType "swiss"]
[EventRounds "9"]
[EventCountry "GER"]
[SourceTitle "playchess.com"]
[Source "ChessBase"]
[SourceQuality "1"]
[TimeControl "40/4500+30:900+30"]

1. d4 Nf6 2. c4 e6 3. Nc3 d5 4. cxd5 exd5 5. Bg5 Be7 6. e3 O-O 7. Bd3 c6 8. Qc2 h6 9. Bh4 Re8 10. Nf3 Nbd7 11. O-O Ne4 12. Bg3 Nxg3 13. hxg3 Nf6 14. Rab1 Be6 15. b4 Rc8 16. a4 Bd6 17. Rfc1 Qe7 18. b5 c5 19. Qd1 c4 20. Bf1 Ba3 21. Ne5 Bxc1 22. Rxc1 Nd7 23. f4 Nxe5 24. dxe5 Qc5 25. Kf2 Red8 26. Qd4 b6 27. Be2 g5 28. Rd1 g4 29. Rh1 Qxd4 30. exd4 Kh7 31. Bd1 Bf5 32. Rh4 Rg8 33. Ke3 Rcd8 1/2-1/2

[Event "GER-ch Youth-U12 2024"]
[Site "Willingen"]
[Date "2024.05.25"]
[Round "9"]
[White "Rau, Eduard"]
[Black "Hoppe, Arthur"]
[Result "0-1"]
[ECO "C01"]
[WhiteElo "1756"]
[BlackElo "1859"]
[Annotator "NA RC"]
[PlyCount "54"]
[EventDate "2022.06.05"]
[EventType "swiss"]
[EventRounds "9"]
[EventCountry "GER"]
[SourceTitle "playchess.com"]
[Source "ChessBase"]
[SourceQuality "1"]
[TimeControl "40/4500+30:900+30"]

1. e4 e6 2. d4 d5 3. Bd3 c5 4. exd5 exd5 5. Nf3 Nf6 6. O-O {[%emt 0:00:00] C01: French: Exchange Variation.} c4 7. Be2 Be7 8. b3 Be6 9. Ne5 Nc6 10. f4 Qc7 11. Bb2 cxb3 12. axb3 Bf5 13. c4 Rd8 14. g4 Bc8 15. Bf3 dxc4 16. Nxc6 bxc6 17. bxc4 O-O 18. f5 Qb6 19. Qe2 Rxd4 20. Bxd4 Qxd4+ 21. Kh1 Qxa1 22. Qxe7 Qd4 23. g5 Ng4 (23... Qxc4 $2 {perishes.} 24. Nd2 Qd3 25. gxf6 Bxf5 (25... Qxd2 $2 {is the wrong capture.} 26. Rg1 $18) 26. fxg7 (26. Bxc6 $2 {too greedy.} Qxd2 27. Bg2 g6 $19) 26... Kxg7 27. Bxc6 $18) 24. Bxc6 Bxf5 25. Re1 $19 Nf2+ 26. Kg2 Be6 27. Bd5 Nd3 0-1

[Event "GER-ch Youth-U12 2024"]
[Site "Willingen"]
[Date "2024.05.25"]
[Round "9"]
[White "Jahn, Gustav"]
[Black "Vartanian, Roman"]
[Result "0-1"]
[ECO "B38"]
[WhiteElo "1755"]
[BlackElo "1797"]
[Annotator "NA RC"]
[PlyCount "76"]
[EventDate "2022.06.05"]
[EventType "swiss"]
[EventRounds "9"]
[EventCountry "GER"]
[SourceTitle "playchess.com"]
[Source "ChessBase"]
[SourceQuality "1"]
[TimeControl "40/4500+30:900+30"]

1. e4 c5 2. Nf3 g6 3. d4 cxd4 4. Nxd4 Bg7 5. Be3 Nc6 6. c4 d6 7. Nc3 Nf6 8. Be2 O-O 9. O-O Bd7 10. Qd2 Ng4 11. Bxg4 Bxg4 12. Rac1 Bd7 13. Nd5 Ne5 14. Bg5 f6 15. Bh4 Nc6 16. Rfd1 Nxd4 17. Qxd4 g5 18. Nxe7+ Qxe7 19. Bg3 Rfe8 20. Qxd6 Qxd6 21. Rxd6 Bc6 22. f3 Rad8 23. Rcd1 Rxd6 24. Rxd6 Kf7 25. Rd2 Bf8 26. a3 Bc5+ 27. Kf1 a5 28. Ke2 f5 29. Bd6 Bxd6 30. Rxd6 fxe4 31. Kf2 a4 32. Rh6 Kg7 33. Rd6 Rf8 34. Ke2 exf3+ 35. gxf3 Bxf3+ 36. Ke3 Bc6 37. Rd4 Rf3+ 38. Ke2 Rh3 0-1

[Event "GER-ch Youth-U12 2024"]
[Site "Willingen"]
[Date "2024.05.25"]
[Round "9"]
[White "Lanert, Theodor"]
[Black "Obermair, Hannes"]
[Result "1-0"]
[ECO "B28"]
[WhiteElo "1742"]
[BlackElo "1668"]
[Annotator "NA RC"]
[PlyCount "105"]
[EventDate "2022.06.05"]
[EventType "swiss"]
[EventRounds "9"]
[EventCountry "GER"]
[SourceTitle "playchess.com"]
[Source "ChessBase"]
[SourceQuality "1"]
[TimeControl "40/4500+30:900+30"]

1. e4 c5 2. Nf3 a6 3. Be2 Nc6 4. d3 e6 5. Bf4 d5 6. O-O Nge7 7. Re1 g6 8. c3 Bg7 9. e5 O-O 10. Na3 b6 11. d4 cxd4 12. cxd4 Bb7 13. Qd2 Rc8 14. Bd3 Qd7 15. Rac1 Rc7 16. Rc2 Rfc8 17. Rec1 Ra8 18. Bg5 Re8 19. Bf6 Ra8 20. h4 Kf8 21. h5 Ng8 22. Bg5 h6 23. Be3 g5 24. b4 b5 25. Bxb5 axb5 26. Nxb5 Rcc8 27. Nd6 Nge7 28. b5 Nd8 29. Nxc8 Rxc8 30. Qb4 Rxc2 31. Rxc2 Kg8 32. a4 Bf8 33. a5 Nc8 34. Qb3 Na7 35. a6 Bc8 36. b6 Bxa6 37. bxa7 Qxa7 38. Qa4 Qb6 39. Rc1 Bc4 40. Nh2 Qb2 41. Qc2 Qxc2 42. Rxc2 Nc6 43. Ng4 Nb4 44. Rb2 Kg7 45. Bd2 Nd3 46. Rb8 Be7 47. g3 Ba2 48. Re8 Bf8 49. Bxg5 hxg5 50. h6+ Kh7 51. Rxf8 Kg6 52. Rg8+ Kh7 53. Rg7+ 1-0

[Event "GER-ch Youth-U12 2024"]
[Site "Willingen"]
[Date "2024.05.25"]
[Round "9"]
[White "Schulz, Robin"]
[Black "Wettstein, Levin"]
[Result "1/2-1/2"]
[ECO "C31"]
[WhiteElo "1730"]
[BlackElo "1753"]
[Annotator "NA RC"]
[PlyCount "103"]
[EventDate "2022.06.05"]
[EventType "swiss"]
[EventRounds "9"]
[EventCountry "GER"]
[SourceTitle "playchess.com"]
[Source "ChessBase"]
[SourceQuality "1"]
[TimeControl "40/4500+30:900+30"]

1. e4 e5 2. f4 d5 3. exd5 c6 4. dxc6 Nxc6 5. Nc3 exf4 6. Nf3 Bd6 7. d4 Nge7 8. Bc4 O-O 9. O-O Bg4 10. h3 Bh5 11. a3 Bc7 12. Ne2 Nf5 13. c3 Ng3 14. Nxg3 fxg3 15. Be3 Bb6 16. Bf4 Rc8 17. Be2 Bc7 18. Qd2 Re8 19. Bb5 a6 20. Bxc6 bxc6 21. Ne5 Bxe5 22. dxe5 Qxd2 23. Bxd2 Rxe5 24. Rfe1 Rce8 25. Rxe5 Rxe5 26. Re1 Rxe1+ 27. Bxe1 f6 28. Bxg3 Kf7 29. Kf2 Ke6 30. c4 Bd1 31. Ke3 c5 32. b4 Bb3 33. Kd3 Kd7 34. bxc5 Kc6 35. Kd4 Bd1 36. Bd6 Be2 37. g3 g6 38. Be7 f5 39. Ke5 Bxc4 40. Kf6 Kd7 41. Bd6 Bf1 42. h4 Be2 43. Kg7 Bh5 44. Kxh7 Kc6 45. Kg7 Kd7 46. Kf6 Kc6 47. Ke5 Be2 48. Kd4 Bg4 49. Kc4 Be2+ 50. Kb4 Bg4 51. Ka5 Kb7 52. a4 1/2-1/2

[Event "GER-ch Youth-U12 2024"]
[Site "Willingen"]
[Date "2024.05.25"]
[Round "9"]
[White "Vinogradov, Ilia"]
[Black "Hepp, Daniel"]
[Result "0-1"]
[ECO "B39"]
[WhiteElo "1723"]
[BlackElo "1721"]
[Annotator "NA RC"]
[PlyCount "116"]
[EventDate "2022.06.05"]
[EventType "swiss"]
[EventRounds "9"]
[EventCountry "GER"]
[SourceTitle "playchess.com"]
[Source "ChessBase"]
[SourceQuality "1"]
[TimeControl "40/4500+30:900+30"]

1. e4 c5 2. Nf3 g6 3. d4 cxd4 4. Nxd4 Nc6 5. c4 Bg7 6. Be3 Nf6 7. Nc3 Ng4 8. Qxg4 Nxd4 9. Qd1 Nc6 10. Be2 O-O 11. O-O d6 12. Qd2 Bd7 13. Rad1 Be6 14. Nd5 Rc8 15. f4 f5 16. exf5 Bxf5 17. Rfe1 Re8 18. Bf3 h5 19. h3 e5 20. Nc3 exf4 21. Bxf4 Qb6+ 22. Kh1 Nd4 23. Bd5+ Ne6 24. Bxd6 Kh7 25. Bxe6 Bxe6 26. c5 Qc6 27. Ne4 Bxa2 28. Ng5+ Kh8 29. Rf1 Be6 30. Nxe6 Rxe6 31. Rf7 Rce8 32. b4 Qe4 33. Rdf1 Kg8 34. Qf2 Bd4 35. Rf8+ Kh7 36. Qf7+ Bg7 37. Rf4 Qc6 38. h4 Re1+ 39. Kh2 R1e6 40. Qxg7+ Kxg7 41. R4f7+ Kh6 42. Bf4+ g5 43. hxg5+ Kg6 44. Rf6+ Rxf6 45. Rxf6+ Qxf6 46. gxf6 Re4 47. Bd2 a6 48. Bc3 Rc4 49. Be1 Kxf6 50. Kg3 Ke6 51. Kf3 Kd5 52. g3 Kc6 53. Ke3 Kb5 54. Kd3 Rxb4 55. Kc3 Kxc5 56. Bf2+ Kb5 57. Be3 a5 58. Kc2 a4 0-1

[Event "GER-ch Youth-U12 2024"]
[Site "Willingen"]
[Date "2024.05.25"]
[Round "9"]
[White "Sun, Christopher"]
[Black "Draude, Theo"]
[Result "0-1"]
[ECO "B20"]
[WhiteElo "1714"]
[BlackElo "1731"]
[Annotator "NA RC"]
[PlyCount "42"]
[EventDate "2022.06.05"]
[EventType "swiss"]
[EventRounds "9"]
[EventCountry "GER"]
[SourceTitle "playchess.com"]
[Source "ChessBase"]
[SourceQuality "1"]
[TimeControl "40/4500+30:900+30"]

1. e4 c5 2. Nf3 d6 3. b3 Nf6 4. Nc3 g6 5. Bb2 Bg7 6. Nd5 O-O 7. Nxf6+ exf6 8. Bc4 Re8 9. d3 d5 10. Bb5 Qa5+ 11. Qd2 Qxb5 12. O-O-O dxe4 13. dxe4 Bg4 14. Qf4 f5 15. exf5 Bxb2+ 16. Kxb2 Bxf5 17. Qh6 Qc6 18. Rhe1 Qf6+ 19. Kb1 Rxe1 20. Rxe1 Nc6 21. Ng5 Qg7 0-1

[Event "GER-ch Youth-U12 2024"]
[Site "Willingen"]
[Date "2024.05.25"]
[Round "9"]
[White "Hellriegel, Hannes"]
[Black "Heins, Simon"]
[Result "0-1"]
[ECO "C57"]
[WhiteElo "1701"]
[BlackElo "1626"]
[Annotator "NA RC"]
[PlyCount "82"]
[EventDate "2022.06.05"]
[EventType "swiss"]
[EventRounds "9"]
[EventCountry "GER"]
[SourceTitle "playchess.com"]
[Source "ChessBase"]
[SourceQuality "1"]
[TimeControl "40/4500+30:900+30"]

1. e4 e5 2. Nf3 Nc6 3. Bc4 Nf6 4. Ng5 d5 5. exd5 b5 6. Bf1 Nxd5 7. Bxb5 Bd7 8. d3 Qf6 9. Ne4 Qg6 10. O-O Rb8 11. Nbc3 Nxc3 12. Nxc3 Bb4 13. Bc4 Bg4 14. f3 Bh3 15. Qe2 O-O 16. Kh1 Nd4 17. Qd2 Bd7 18. a3 Bd6 19. Ne4 Bc6 20. b3 Bxe4 21. fxe4 Kh8 22. Bb2 Qh5 23. Rf2 f5 24. Re1 f4 25. Qd1 Qh4 26. Qd2 Rbe8 27. c3 Nc6 28. Bb5 g5 29. Bxc6 Re6 30. g3 fxg3 31. Rxf8+ Bxf8 32. Rf1 Bg7 33. Bd5 Rh6 34. Bc1 Qg4 35. Qxg5 Rxh2+ 36. Kg1 Rh1+ 37. Kg2 Qh3+ 38. Kf3 g2+ 39. Ke2 gxf1=Q+ 40. Kd2 Qxc1+ 41. Ke2 Qhf1# 0-1

[Event "GER-ch Youth-U12 2024"]
[Site "Willingen"]
[Date "2024.05.25"]
[Round "9"]
[White "Andersen, Jonathan"]
[Black "Zhang, Yibo"]
[Result "0-1"]
[ECO "C45"]
[WhiteElo "1693"]
[BlackElo "1988"]
[Annotator "RC"]
[PlyCount "136"]
[EventDate "2022.06.05"]
[EventType "swiss"]
[EventRounds "9"]
[EventCountry "GER"]
[SourceTitle "playchess.com"]
[Source "ChessBase"]
[SourceQuality "1"]
[TimeControl "40/4500+30:900+30"]

1. e4 e5 2. Nf3 Nc6 3. d4 exd4 4. Nxd4 Nf6 5. Nxc6 bxc6 6. e5 Qe7 7. Qe2 Nd5 8. c4 Ba6 9. g3 g6 10. b3 Bg7 11. Bb2 O-O 12. Bg2 Rae8 13. O-O Bxe5 14. Qxe5 Qxe5 15. Bxe5 Rxe5 16. cxd5 Bxf1 17. Kxf1 cxd5 18. Nd2 Rfe8 19. Bf3 c6 20. Rc1 Kg7 21. b4 Kf6 22. Nb3 Ke7 23. Re1 Kd6 24. Rxe5 Rxe5 25. Nc5 Kc7 26. Be2 d6 27. Nd3 Re8 28. Ke1 Kb6 29. Kd2 c5 30. Nf4 Re5 31. Bf3 d4 32. Nd3 Re8 33. Nf4 Kb5 34. Nd5 Re5 35. Be2+ Kc6 36. Bf3 Kd7 37. Kd3 Re1 38. bxc5 dxc5 39. Nf6+ Kd6 40. Ne4+ Kc6 41. Ng5+ Kb5 42. Nxf7 Kb4 43. Nd6 Rf1 44. Ne4 Ra1 45. Nd2 Rxa2 46. Bd5 Ra6 47. f4 Rd6 48. Bc4 a5 49. Ne4 Rb6 50. g4 a4 51. f5 gxf5 52. gxf5 Rh6 53. f6 Rh3+ 54. Ng3 Rxh2 55. f7 Rf2 56. Be6 Rf3+ 57. Ke4 Rf6 58. Ke5 Rxf7 59. Bxf7 d3 60. Nf1 a3 61. Ba2 h5 62. Ke4 Kc3 63. Kd5 h4 64. Ke4 d2 65. Ne3 Kb2 66. Bc4 a2 67. Nd1+ Kc1 68. Kd3 a1=Q 0-1

[Event "GER-ch Youth-U12 2024"]
[Site "Willingen"]
[Date "2024.05.25"]
[Round "9"]
[White "Subocz, Barbara"]
[Black "Grabowski, Joshua"]
[Result "0-1"]
[ECO "C01"]
[WhiteElo "1692"]
[BlackElo "1532"]
[Annotator "NA RC"]
[PlyCount "78"]
[EventDate "2022.06.05"]
[EventType "swiss"]
[EventRounds "9"]
[EventCountry "GER"]
[SourceTitle "playchess.com"]
[Source "ChessBase"]
[SourceQuality "1"]
[TimeControl "40/4500+30:900+30"]

1. e4 e6 2. d4 d5 3. exd5 exd5 4. Nf3 Bd6 5. c4 c6 6. Nc3 Ne7 7. Bd3 dxc4 8. Bxc4 O-O 9. O-O Bg4 10. h3 Bh5 11. Qd3 Qc7 12. Ng5 Bg6 13. Qf3 h6 14. Nge4 Nf5 15. Nxd6 Qxd6 16. d5 Nd4 17. Qg4 Nc2 18. Rb1 Nb4 19. Ra1 cxd5 20. Bb3 N8c6 21. Bf4 Qe6 22. Rad1 Qxg4 23. hxg4 d4 24. Nb5 Nc2 25. Rc1 d3 26. Rfd1 a6 27. Nc7 Rac8 28. Nd5 Rfe8 29. Nb6 Rcd8 30. Kh2 N6d4 31. Ba4 Re4 32. Bg3 Ne2 33. Rxc2 Rdd4 34. Rcd2 Rb4 35. Rxd3 Rxb6 36. Bb3 Rxg4 37. Rd8+ Kh7 38. Rf8 Rbb4 39. Kh3 Bf5 0-1